[Event "Late-Titled-Tuesday-Blitz-July-09-2024"]
[Site "Chess.com"]
[Date "2024.07.09"]
[Round "5"]
[White "boguszp"]
[Black "IngOscarArdila"]
[Result "0-1"]
[WhiteElo "1965"]
[BlackElo "2301"]
[TimeControl "180+1"]
[EndTime "14:56:04 PDT"]
[Termination "IngOscarArdila won by checkmate"]

1. d4 Nf6 2. Nf3 e6 3. Bf4 Be7 4. e3 O-O 5. Be2 d6 6. O-O Nbd7 7. Nbd2 b6 8. c3 Bb7 9. h3 Ne4 10. Nxe4 Bxe4 11. Nd2 Bb7 12. Bf3 Bxf3 13. Qxf3 Nf6 14. Qc6 Qd7 15. Qf3 d5 16. e4 dxe4 17. Nxe4 Nxe4 18.
Qxe4 Bd6 19. Rae1 Bxf4 20. Qxf4 Rac8 21. Qg4 c5 22. Rd1 cxd4 23. Rxd4 Qb5 24. Rd2 Qa5 25.
a3 Qb5 26. Rfd1 h6 27. Qh4 Rc4 28. Qe7 a5 29. Rd8 Rxd8 30. Rxd8+ Kh7 31. Qxf7 Qe5 32. Re8 Qe1+ 33. Kh2 Qe5+ 34. g3 Re4 35. Re7 Re2 36. Qf3 Rxb2 37. Qd3+ Qf5 38. Qxf5+ exf5 39. Kg2 Rb3 40. Rb7 b5 41. Rf7 Kg6 42. Rc7 Rxa3 43. Rc6+ Kf7 44. Rc5 Rb3 45. Rxf5+ Ke6 46. Rc5 a4 47. c4 b4 48. f4 a3 49. Rc6+ Kd7 50.
Ra6 Rb2+ 51. Kf3 a2 52. Kg4 b3 53. c5 Rb1 54. Ra7+ Kc6 55. Rxg7 a1=Q 56. Rg6+ Kxc5 57.
h4 Qd4 58. Kh5 Re1 59. Kxh6 Re8 60. Rg5+ Kc4 61. f5 Qh8+ 62. Kg6 b2 63. Rg4+ Kc3 64.
Rf4 b1=Q 65. Rf3+ Kd4 66. Rf4+ Ke5 67. Kg5 Qf6+ 68. Kg4 Rg8+ 69. Kf3 Qf1+ 70. Ke3 Rxg3+ 71. Kd2 Qxf4+ 72. Ke2 Re3+ 73. Kd2 Qd4+ 74. Kc2 Rc3+ 75.
Kb2 Qb4+ 76. Ka2 Qa6# 0-1

[Event "Late-Titled-Tuesday-Blitz-July-09-2024"]
[Site "Chess.com"]
[Date "2024.07.09"]
[Round "5"]
[White "Antek_Radzimski"]
[Black "glebus008"]
[Result "1/2-1/2"]
[WhiteElo "2555"]
[BlackElo "2401"]
[TimeControl "180+1"]
[EndTime "14:56:07 PDT"]
[Termination "Game drawn - insufficient material"]

1. e4 Nc6 2. d4 d5 3. exd5 Qxd5 4. Nf3 Bg4 5. Be2 e5 6. c4 Qa5+ 7. Bd2 Bb4 8. d5 Bxf3 9. Bxf3 Nd4 10. a3 Bxd2+ 11.
Nxd2 Ne7 12. O-O O-O 13. b4 Qa6 14. Re1 Ng6 15. Bh5 Rae8 16. Bxg6 Qxg6 17. Ne4 b6 18. f3 f5 19. Nf2 h5 20. Qd3 h4 21.
Rad1 Qg5 22. c5 bxc5 23. bxc5 Rf6 24. Nh3 Qg6 25. f4 Qg4 26. fxe5 Rg6 27. Nf4 Qxf4 28.
Qxd4 Qg5 29. Re2 h3 30. g3 f4 31. Rd3 fxg3 32. hxg3 Qc1+ 33. Kh2 Qf1 34. Rf2 Qe1 35. Rdf3 Qxe5 36. Rf8+ Kh7 37. Qh4+ Rh6 38. Rxe8 Qxe8 39. Qg4 Qg6 40. Qxg6+ Rxg6 41. Rd2 Kg8 42. Kxh3 Kf7 43. Kg2 Ke7 44. Kf3 Kd7 45. Ke4 Rf6 46. g4 Rf1 47. Rd3 Re1+ 48. Kd4 Rg1 49. Rf3 Rd1+ 50. Ke5 Re1+ 51.
Kf5 Rd1 52. Kg6 Rxd5 53. Rf7+ Kc6 54. Rxg7 Rxc5 55. g5 Rc3 56. Kh7 Rxa3 57. g6 Rh3+ 58. Kg8 a5 59. Re7 Kb5 60. Rxc7 Rg3 61. g7 a4 62. Kf8 Rxg7 63. Kxg7 Kb4 64. Kf6 a3 65. Ke5 a2 66. Ra7 Kb3 67. Kd4 Kb2 68. Kd3 a1=Q 69.
Rxa1 Kxa1 1/2-1/2

[Event "Late-Titled-Tuesday-Blitz-July-09-2024"]
[Site "Chess.com"]
[Date "2024.07.09"]
[Round "5"]
[White "Chessmatus"]
[Black "SimplyDevina"]
[Result "1/2-1/2"]
[WhiteElo "2519"]
[BlackElo "2377"]
[TimeControl "180+1"]
[EndTime "14:56:10 PDT"]
[Termination "Game drawn - insufficient material"]

1. e4 c6 2. d4 d5 3. e5 c5 4. dxc5 e6 5. a3 Bxc5 6. Nf3 Ne7 7.
Bd3 Nbc6 8. b4 Bb6 9. Bb2 a6 10. O-O Nf5 11. Nbd2 Nce7 12. c4 O-O 13. g4 Nh6 14. c5 Bc7 15. Ng5 Ng6 16. f4 f6 17.
exf6 gxf6 18. Nh3 e5 19. f5 Ne7 20. Qb3 Kh8 21. Nf2 Rg8 22. Kh1 Bd7 23. Be2 Bc6 24. Bf3 Qe8 25. Rae1 Rd8 26. h3 Nf7 27.
Bg2 Ng5 28. Nf3 Nxf3 29. Bxf3 Qf7 30. Qc3 Rg7 31. Qd2 Rdg8 32. Bc3 Rd8 33. Qc2 d4 34.
Bxc6 Nxc6 35. Bd2 Qd5+ 36. Qe4 Qxe4+ 37. Nxe4 Rf7 38. h4 Rg8 39. g5 Bd8 40. Rg1 fxg5 41. Bxg5 Bxg5 42. Rxg5 Rxg5 43. hxg5 Rxf5 44. Kg2 Kg7 45.
Kg3 Rf4 46. Nd6 Rf8 47. Nxb7 d3 48. Nd6 Nd4 49. Kg4 Rf4+ 50. Kg3 Rf3+ 51. Kg4 Rf4+ 52. Kg3 Rf3+ 53. Kg2 Rf4 54. Rd1 e4 55. Nxe4 Rxe4 56. Rxd3 Nb5 57. Rd7+ Kg6 58. Rb7 Nc3 59. Rb6+ Kxg5 60. Rxa6 Nb5 61. Rb6 Nc3 62. c6 Rc4 63.
b5 Kg4 64. Rb7 Nxb5 65. Rxb5 Rxc6 66. a4 Ra6 67. Rb4+ Kg5 68. Kg3 Kf5 69. Rb5+ Ke4 70. a5 Kd4 71. Kg4 Kc4 72. Rh5 Kb4 73. Kf4 Rxa5 74. Rxa5 Kxa5 75. Kg5 Kb5 76. Kh6 Kc4 77. Kxh7 1/2-1/2

[Event "Late-Titled-Tuesday-Blitz-July-09-2024"]
[Site "Chess.com"]
[Date "2024.07.09"]
[Round "5"]
[White "Arysya"]
[Black "tptagain"]
[Result "1-0"]
[WhiteElo "2908"]
[BlackElo "3036"]
[TimeControl "180+1"]
[EndTime "14:56:14 PDT"]
[Termination "Arysya won on time"]

1. e4 c6 2. Nf3 d5 3. Nc3 Bg4 4. h3 Bxf3 5. Qxf3 e6 6. g3 d4 7.
Nb1 h5 8. d3 h4 9. g4 g5 10.
Bg2 c5 11. O-O Nc6 12. Qe2 Bd6 13. e5 Nxe5 14. Bxb7 Rb8 15. Be4 Nd7 16. Na3 Bf4 17. Nc4 Qc7 18. Bxf4 Qxf4 19. Qf3 Ngf6 20. Qxf4 gxf4 21.
Rfe1 Ke7 22. Kf1 Rhg8 23. b3 Rg5 24. Bf3 Rf8 25. a3 Nb6 26. Ne5 Kd6 27. Nc6 Nbd5 28.
Na5 Nd7 29. Nc4+ Kc7 30. b4 N5b6 31. Na5 Ne5 32. Bh1 c4 33. Re4 cxd3 34. Rxd4 Rd8 35.
Rxd8 Kxd8 36. cxd3 Kd7 37. Rc1 f5 38. d4 Nf7 39.
gxf5 Rxf5 40. Nc6 Ng5 41. Ne5+ Kd8 42. Nc6+ Kd7 43. Nxa7 f3 44. Nc6 Kd6 45. Ne5 Kd5 46.
Nxf3 Nxf3 47. Ke2 Kxd4 48. Bxf3 Nc4 49. Rd1+ Kc3 50. Bg4 Re5+ 51. Kf3 Nxa3 52. Rd6 Kxb4 53. Rxe6 Rd5 54. Rh6 Nc4 55. Be6 Rd3+ 56. Ke2 Rd4 57.
Bg4 Ne5 58. Rxh4 Kc5 59. f3 Nd3 60. Rh5+ Kc4 61. Ke3 Nc5 62. Re5 Rd3+ 63. Kf2 Rd2+ 64. Kg3 Kd4 65. Re8 Rb2 66. h4 Nd3 67. Re4+ Kd5 68.
Be6+ Kd6 69. h5 Ne5 70. Bg4 Rb1 71. Kf4 Nd3+ 72. Kg5 Rg1 73. Rd4+ 1-0

[Event "Late-Titled-Tuesday-Blitz-July-09-2024"]
[Site "Chess.com"]
[Date "2024.07.09"]
[Round "5"]
[White "noblerone"]
[Black "HouseOfDurin"]
[Result "0-1"]
[WhiteElo "2467"]
[BlackElo "2303"]
[TimeControl "180+1"]
[EndTime "14:56:17 PDT"]
[Termination "HouseOfDurin won by resignation"]

1. d4 Nf6 2. Nf3 c5 3. c3 b6 4. Bg5 Ne4 5. Bf4 Bb7 6. e3 g6 7.
Be5 f6 8. Bg3 Bg7 9. Bc4 d5 10.
Bd3 O-O 11. Nbd2 f5 12. Be5 Nd7 13. Bxg7 Kxg7 14. h4 h6 15. Qe2 Qc7 16. O-O-O e5 17. dxe5 Nxe5 18. Nxe5 Qxe5 19. Nf3 Qf6 20. Kb1 Rae8 21.
Qc2 a6 22. Rhf1 b5 23. h5 g5 24. Nd2 Re7 25. Bxe4 dxe4 26. Nb3 Qe5 27. Rd2 f4 28.
Rfd1 fxe3 29. fxe3 Rff7 30. Rd6 Rf6 31. Rxf6 Qxf6 32.
Nxc5 Bc6 33. Nb3 Qe5 34. Nd4 Bb7 35. Rf1 Rf7 36. Rxf7+ Kxf7 37. Qf2+ Qf6 38. Qe1 Qe5 39. a3 g4 40. Qh4 Qg5 41. Qg3 Bd5 42. Qc7+ Kg8 43.
Qb8+ Kg7 44. Qa7+ Kg8 45. Qxa6 Qxe3 46. Qc8+ Kg7 47. Qd7+ Bf7 48. Qxg4+ Kf8 49. Qe2 Qg1+ 50. Kc2 e3 51. Nf3 Qf2 52. Qxf2 exf2 53. Nh2 Bc4 54. Kd2 f1=Q 55. Nxf1 Bxf1 56. g3 Bh3 57. Ke3 Bg4 58. Kd4 Bxh5 59. b3 Be2 60. c4 bxc4 61. bxc4 Ke7 62. a4 Kd6 63. a5 Kc6 64. Ke5 Bxc4 65.
Kf6 Be2 66. Kg6 h5 67. Kg5 Bg4 68. Kf4 Kb5 69. Ke3 Kxa5 70. Kf2 Kb5 71. Kg1 Kc5 72. Kh2 Kd4 73. Kg2 Ke4 74. Kh2 Ke3 75. Kg2 Ke2 76.
Kh2 Kf3 77. Kg1 Kxg3 78. Kh1 Bd7 79. Kg1 h4 80. Kh1 h3 81. Kg1 h2+ 82. Kf1 h1=Q+ 83.
Ke2 Qf3+ 84. Ke1 Qg2 0-1

[Event "Late-Titled-Tuesday-Blitz-July-09-2024"]
[Site "Chess.com"]
[Date "2024.07.09"]
[Round "5"]
[White "Navyblue1"]
[Black "klercaku"]
[Result "1/2-1/2"]
[WhiteElo "2131"]
[BlackElo "2381"]
[TimeControl "180+1"]
[EndTime "14:56:35 PDT"]
[Termination "Game drawn by repetition"]

1. d4 d5 2. c4 e6 3. Nc3 Nf6 4. Bg5 Be7 5. e3 Nbd7 6. Nf3 O-O 7. Qc2 Re8 8. Rd1 Nf8 9. Be2 dxc4 10. Bxc4 a6 11. a4 h6 12. Bh4 Ng6 13. Bg3 Bd7 14. O-O Nh5 15. Be5 Bd6 16. Bxd6 cxd6 17. Bd3 Nf8 18. Qb3 Rb8 19. Rfe1 b5 20. axb5 axb5 21. Ne4 Rb6 22. Ra1 Nf6 23. Nxf6+ Qxf6 24. e4 Reb8 25. e5 dxe5 26. dxe5 Qe7 27. Be4 Bc6 28. Bxc6 Rxc6 29. Rec1 Rxc1+ 30. Rxc1 Ng6 31. g3 Qa7 32. h4 Ne7 33.
Nd2 Nd5 34. Qd3 Qa2 35. Qc2 Qa7 36. Qc5 Qa2 37. Rc2 Qa1+ 38. Kg2 Qe1 39. Nf3 Qe4 40.
Rd2 Qa4 41. Qd4 Qb3 42. Qd3 Qa4 43. Qd4 b4 44. Qc4 Qa1 45. Nd4 Qe1 46. Nf3 Qa1 47. Nd4 Qa8 48. Nf3 Rb7 49. Qe4 Qb8 50. h5 Rc7 51. Re2 Qb5 52. Rd2 Qc4 53. Qxc4 Rxc4 54. Re2 b3 55. Rd2 Rc2 56. Kf1 Nb4 57. Ke2 Kf8 58. Nd4 Rxd2+ 59. Kxd2 Na2 60. Nxb3 Nb4 61.
Nd4 Nd5 62. f4 Ke7 63. Ne2 Kd7 64. Nc3 Nb6 65. b3 Kc6 66. Kd3 Kc5 67. Na4+ Nxa4 68. bxa4 Kb4 69. g4 Kxa4 70. Kc4 Ka5 71. Kc5 Ka4 72.
Kd6 Kb4 73. f5 Kc4 74. fxe6 fxe6 75. Kxe6 Kd4 76. Kf5 Kd5 77. Kf4 Ke6 78. Ke4 Ke7 79. Kd5 Kd7 80. e6+ Ke7 81. Ke5 Ke8 82. Kd6 Kd8 83. Ke5 Ke8 84. Kf5 Ke7 85. Ke5 Ke8 1/2-1/2

[Event "Late-Titled-Tuesday-Blitz-July-09-2024"]
[Site "Chess.com"]
[Date "2024.07.09"]
[Round "5"]
[White "VacheH009"]
[Black "Queensandpawns"]
[Result "1-0"]
[WhiteElo "2518"]
[BlackElo "2320"]
[TimeControl "180+1"]
[EndTime "14:56:37 PDT"]
[Termination "VacheH009 won by checkmate"]

1. e4 Nc6 2. Nf3 d6 3. g3 Nf6 4. Bg2 Nxe4 5. Nc3 Nf6 6. O-O g6 7. d4 Bg7 8. Bg5 O-O 9. Qd2 Re8 10. d5 Nb8 11. Bh6 Bh8 12. Rfe1 e5 13. dxe6 Bxe6 14.
Nd4 d5 15. Nxe6 fxe6 16. Nxd5 Nc6 17. Nxf6+ Bxf6 18. Qxd8 Raxd8 19. c3 g5 20. Rad1 Kf7 21. Be4 Ne5 22. f4 gxf4 23. Bxf4 Rxd1 24. Rxd1 c6 25.
Bxh7 Nc4 26. Bc1 Re7 27. Bd3 Ne5 28. Be2 Ng6 29. Be3 b6 30. h4 c5 31. Kf2 Ne5 32. Rh1 Kg7 33. g4 Rf7 34. Kg3 Ng6 35. h5 Be5+ 36. Kg2 Nf4+ 37. Bxf4 Bxf4 38. Rd1 Be3 39.
Bf3 Bf4 40. Be4 Kh6 41. Rd8 Kg5 42. Rg8+ Kh4 43. Rg6 Be3 44. Bf3 Rd7 45. Rxe6 Rd2+ 46. Kh1 Bg5 47. Re2 Rd1+ 48. Kg2 Rd6 49. Re1 Bf4 50.
Rh1+ Kg5 51. Rf1 Rd2+ 52. Rf2 Rd6 53. Re2 Kh4 54. a4 a6 55. Re7 b5 56. axb5 axb5 57. Re2 b4 58. cxb4 cxb4 59. Re4 Bg5 60. Rxb4 Rd2+ 61.
Kf1 Kg3 62. Be2 Rd6 63. Rb3+ Kh2 64. Rf3 Bh4 65. Rf5 Rc6 66. Bd1 Rc1 67. Ke2 Rc7 68. g5 Re7+ 69. Kf3 Rd7 70. Be2 Rg7 71. g6 Rb7 72.
Rf7 Rb3+ 73. Kg4 Be1 74. g7 Rg3+ 75. Kf5 Bb4 76. Bg4 Rg1 77. g8=Q Bf8 78. Qxf8 Rg3 79. Kf6 Kg2 80. Qd6 Kh2 81. Qxg3+ Kh1 82. Bf3# 1-0

[Event "Late-Titled-Tuesday-Blitz-July-09-2024"]
[Site "Chess.com"]
[Date "2024.07.09"]
[Round "5"]
[White "Arystanner"]
[Black "djano"]
[Result "1-0"]
[WhiteElo "2895"]
[BlackElo "2593"]
[TimeControl "180+1"]
[EndTime "14:56:51 PDT"]
[Termination "Arystanner won on time"]

1. d4 d5 2. Nf3 Nf6 3. c4 c6 4. Nc3 a6 5. g3 g6 6. Bg2 Bg7 7. O-O O-O 8. Qb3 b5 9. cxd5 cxd5 10. a4 bxa4 11. Nxa4 Nc6 12. Bf4 Bf5 13. Rfc1 Na5 14. Qb4 Nc4 15. b3 Nd6 16. Bxd6 exd6 17. e3 Rb8 18.
Qa3 Ne4 19. Nc3 Be6 20. Nxe4 dxe4 21. Nd2 d5 22. Qxa6 h5 23. h4 g5 24. hxg5 Qxg5 25.
Qd6 Qg6 26. Kh2 Bh6 27. Bh3 Bxh3 28. Qxg6+ fxg6 29. Kxh3 Rxf2 30. Nf1 Rxb3 31. Rc6 Kg7 32. Raa6 Rxf1 33. Rxg6+ Kf7 34. Rxh6 Rxe3 35. Rh7+ Kg8 36. Rd7 Ref3 37. Rxd5 e3 38. Re6 Kf7 39. Re4 Rg1 40.
Rg5 Re1 41. Rge5 Rg1 42. Rg5 Re1 43. d5 e2 44. Rge5 Rg1 45. Rxe2 Rgxg3+ 46. Kh4 Rg4+ 47. Kxh5 Rg1 48. Rh2 Kf6 49. Re6+ Kf5 50. Re8 Kf4 51. Rf8+ Kg3 52. Rh3+ Kxh3 53. Rxf3+ Kg2 54. Rd3 Rh1+ 55. Kg4 Kf2 56. d6 Ke2 57. d7 Kxd3 58. d8=Q+ Ke2 59. Qd5 Re1 60. Qc4+ Kd2 61. Kf4 Re2 62. Qa2+ Ke1 63. Qb3 Kd2 64. Kf3 Re1 65. Qb2+ Kd3 66. Kf2 Re4 67.
Qa2 Kd4 68. Qb3 Ke5 69. Kf3 Rf4+ 70. Ke3 Rf5 71. Qb5+ Ke6 72. Qc6+ Ke5 73. Qb6 Rf6 74. Qc5+ Ke6 75. Ke4 Kf7 76. Qd4 Kg6 77. Qd8 Re6+ 78. Kf4 Rf6+ 79. Kg4 Re6 80. Qg8+ Kf6 81. Qg5+ Kf7 82.
Kf5 Rd6 83. Qh5+ Ke7 84. Qh7+ Kd8 85. Ke5 Rc6 86. Kd5 Rb6 87. Qg7 Kc8 88. Kc5 Ra6 89.
Qe7 Kb8 90. Kb5 1-0

[Event "Late-Titled-Tuesday-Blitz-July-09-2024"]
[Site "Chess.com"]
[Date "2024.07.09"]
[Round "5"]
[White "WildTricks"]
[Black "andrejljepic"]
[Result "0-1"]
[WhiteElo "2699"]
[BlackElo "2490"]
[TimeControl "180+1"]
[EndTime "14:57:16 PDT"]
[Termination "andrejljepic won by resignation"]

1. d4 Nf6 2. c4 c5 3. d5 e5 4. Nc3 d6 5. e4 Be7 6. h3 O-O 7.
Nf3 a6 8. Qc2 Ne8 9. Bd3 g6 10.
g4 Ng7 11. Bh6 Nd7 12. a3 Nf6 13. O-O-O Kh8 14. Rdg1 Ng8 15. Be3 Bd7 16. h4 f6 17. h5 g5 18. h6 Ne8 19. Nd2 Qb8 20. a4 Bd8 21. Nb3 Ne7 22. Kd2 Ng6 23. f3 Nc7 24.
Ra1 b6 25. Ke2 Qb7 26. Nd2 Rb8 27. Qb3 Be7 28. Nf1 Rf7 29. Ng3 Bf8 30. Nf5 a5 31. Nb5 Nxb5 32. cxb5 Bxf5 33. gxf5 Nf4+ 34. Bxf4 exf4 35. Bc4 Qe7 36. Qc3 Re8 37. Rag1 Qe5 38. Kd3 Qd4+ 39. Qxd4 cxd4 40. Kxd4 Rc7 41. Rc1 Rec8 42.
b3 Rc5 43. Rc2 Kg8 44. Rh5 Kh8 45. Kd3 Be7 46. Rh1 Rg8 47. Rg2 Rgc8 48. Rg4 Kg8 49.
Rhg1 Kf7 50. R1g2 Bf8 51. Rh2 Be7 52. Rh1 R5c7 53. Rh2 Re8 54. Rh3 Rec8 55. Rg1 Rc5 56.
Rg2 Rg8 57. Kd4 Rcc8 58. Rh5 Bf8 59. Rg4 Rc5 60. e5 fxe5+ 61. Ke4 Kf6 62. Rh1 Rc7 63. Rh5 Be7 64. Rh1 Bd8 65. Rh5 Kf7 66. Rh1 Bf6 67.
Rh5 Kf8 68. Rh1 Rf7 69. Rh5 Rc7 70. Rh1 Kf7 71. Rh5 Rgc8 72. Rh1 Kf8 73. Kd3 e4+ 74. fxe4 Re7 75. Re1 Rce8 76. Re2 Kf7 77. Rg1 Rg8 78.
Rg4 Be5 79. Rf2 Kf6 80. Rf3 Rc7 81. Kd2 Bd4 82. Kd3 Ke5 83. Rf1 Be3 84. Rf3 Kf6 85. Rf1 Ke5 86. Rf3 Rf7 87. Rf1 Rf6 88. Rf3 Rxh6 89.
Rxe3 fxe3 90. Kxe3 Rh3+ 91. Kd2 h5 92. Rg1 g4 93.
Rf1 g3 94. f6 g2 95. Rf5+ Kd4 96. f7 g1=Q 97. fxg8=Q Qxg8 98. Rf2 Qg5+ 99. Kc2 Qe3 100. Rd2+ Kc5 101. Rd3 Qxd3+ 102. Bxd3 Kd4 0-1

[Event "Late-Titled-Tuesday-Blitz-July-09-2024"]
[Site "Chess.com"]
[Date "2024.07.09"]
[Round "5"]
[White "karinachess1"]
[Black "mbojan"]
[Result "0-1"]
[WhiteElo "2667"]
[BlackElo "2917"]
[TimeControl "180+1"]
[EndTime "14:57:33 PDT"]
[Termination "mbojan won by resignation"]

1. d4 a6 2. c4 g6 3. Nc3 Bg7 4. Nf3 d6 5. e4 Bg4 6. Be2 Bxf3 7. Bxf3 Nc6 8. d5 Nd4 9. O-O c5 10. dxc6 bxc6 11. Be3 e5 12. Bxd4 exd4 13. Ne2 Qb6 14. Qd2 Ne7 15. Rfd1 c5 16. e5 Rb8 17. exd6 Qxd6 18. Rab1 O-O 19. Nc1 Nf5 20. Nd3 Qb6 21. b3 Nd6 22. Bd5 Rfe8 23. h3 Bf6 24. Qf4 Kg7 25.
Re1 Rxe1+ 26. Rxe1 Re8 27. Rxe8 Nxe8 28. Ne5 Nc7 29. Nd7 Nxd5 30. cxd5 Qd8 31. Nxc5 Qxd5 32. Nd3 h5 33. Qc7 Qe4 34. Qc2 h4 35. Kf1 Qd5 36. Qe2 Qa5 37. Qc2 Qd5 38. Qc4 Qd6 39. Ke2 Qa3 40. Qc2 a5 41. Kf3 Qe7 42. Qe2 Qb7+ 43. Qe4 Qb5 44. Ke2 Qh5+ 45. Qf3 Qb5 46. Kd2 a4 47.
Kc2 axb3+ 48. axb3 Qa6 49. Kb2 Qc8 50. Qe4 Qc3+ 51.
Ka2 Qc2+ 52. Ka3 Kf8 53. Ka4 Qa2+ 54. Kb4 Be7+ 55. Kc4 Qa6+ 56. Kxd4 Qb6+ 57. Kc4 Qa6+ 58. Kd4 Bf6+ 59. Ke3 Qb6+ 60. Kf3 Qxb3 61. Ke2 Kg7 62. Kf3 Qc2 63. Qe2 Qc4 64. Qe4 Qc3 65. Ke2 Qa3 66.
Kf3 Qa2 67. Qe2 Qb3 68. Qe4 Qc3 69. Ke2 Qc7 70. Kf3 Qd7 71. Ke2 Qd6 72. Kf3 Qa3 73. Ke2 Qa1 74. Kf3 Qa2 75. Qe2 Qa5 76. Qe4 Qb5 77. Ke2 Qh5+ 78. Qf3 Qa5 79. Qe4 Qb5 80. Kf3 Qh5+ 81. Ke3 Bg5+ 82. Kd4 Qd1 83. Kc4 Qc2+ 84.
Kd5 Bf6 85. Qc4 Qe2 86. Qe4 Qa2+ 87. Qc4 Qa8+ 88. Qc6 Qa5+ 89. Qc5 Qd2 90. Qc4 Qg5+ 91. Kc6 Qxg2+ 92. Kd7 Qxh3+ 93. Ke8 Qe6+ 94. Qxe6 fxe6 95.
Nf4 e5 96. Nh3 g5 97. Kd7 g4 98. Ng1 h3 99. Ne2 Bh4 100. Ke6 h2 101. Kf5 h1=Q 102.
Ng3 Bxg3 103. fxg3 Qf3+ 0-1

[Event "Late-Titled-Tuesday-Blitz-July-09-2024"]
[Site "Chess.com"]
[Date "2024.07.09"]
[Round "6"]
[White "Bkmzzzzz"]
[Black "prxcess_brownie"]
[Result "1-0"]
[WhiteElo "2421"]
[BlackElo "2233"]
[TimeControl "180+1"]
[EndTime "14:59:34 PDT"]
[Termination "Bkmzzzzz won by checkmate"]

1. e4 c5 2. Nf3 Nc6 3. Bb5 g6 4.
O-O Bg7 5. c3 e5 6. b4 cxb4 7. d4 bxc3 8. Nxc3 Nxd4 9. Nxd4 exd4 10. Nd5 Ne7 11. Ba3 Bf8 12. Nf6# 1-0

[Event "Late-Titled-Tuesday-Blitz-July-09-2024"]
[Site "Chess.com"]
[Date "2024.07.09"]
[Round "6"]
[White "GlavkonVVS"]
[Black "scrambleyourbrain"]
[Result "1-0"]
[WhiteElo "2581"]
[BlackElo "2357"]
[TimeControl "180+1"]
[EndTime "14:59:42 PDT"]
[Termination "GlavkonVVS won by resignation"]

1. c4 e5 2. Nc3 Nf6 3. g3 d5 4. cxd5 Nxd5 5. Bg2 Nb6 6. Nf3 Nc6 7. O-O Be7 8. d3 Be6 9. a3 O-O 10. b4 Nd4 11. Rb1 f6 12. Nxd4 exd4 13. Ne4 Bd5 14. Bb2 Bc6 15. b5 Bxb5 16. Qb3+ 1-0

[Event "Late-Titled-Tuesday-Blitz-July-09-2024"]
[Site "Chess.com"]
[Date "2024.07.09"]
[Round "6"]
[White "Indefatigable11"]
[Black "Horokoskii"]
[Result "1-0"]
[WhiteElo "2420"]
[BlackElo "2126"]
[TimeControl "180+1"]
[EndTime "15:00:27 PDT"]
[Termination "Indefatigable11 won by resignation"]

1. d4 Nf6 2. c4 g6 3. Nc3 Bg7 4. e4 d6 5. Be2 O-O 6. Be3 e5 7. d5 a5 8. h4 h6 9. g4 Na6 10. g5 hxg5 11. hxg5 Nd7 12. Qd2 Ndc5 13. O-O-O Rb8 14. f3 Bd7 15. Qe1 Qe7 16. Qh4 f5 17. gxf6 Qxf6 18. Bg5 Bh6 19. Qxh6 Qg7 20. Qh4 1-0

[Event "Late-Titled-Tuesday-Blitz-July-09-2024"]
[Site "Chess.com"]
[Date "2024.07.09"]
[Round "6"]
[White "MikaelyanArman"]
[Black "Millerkallpa"]
[Result "1-0"]
[WhiteElo "2872"]
[BlackElo "2269"]
[TimeControl "180+1"]
[EndTime "15:01:08 PDT"]
[Termination "MikaelyanArman won by resignation"]

1. e4 e5 2. Nf3 Nc6 3. g3 Nf6 4. d3 Be7 5. Bg2 O-O 6. O-O d6 7. Nc3 Be6 8. h3 h5 9. Ng5 Qd7 10. f4 Qc8 11. f5 Bd7 12. g4 hxg4 13. hxg4 Nd4 14. Be3 c5 15. Nd5 Nxd5 16. exd5 Qd8 17. Ne4 f6 18. a4 b5 19. c3 bxa4 20. cxd4 cxd4 21. Bd2 Rb8 22. Rf2 Rxb2 23. Ba5 Qxa5 24. Rxb2 1-0

[Event "Late-Titled-Tuesday-Blitz-July-09-2024"]
[Site "Chess.com"]
[Date "2024.07.09"]
[Round "6"]
[White "Sanyura"]
[Black "myburger"]
[Result "0-1"]
[WhiteElo "2670"]
[BlackElo "2551"]
[TimeControl "180+1"]
[EndTime "15:01:13 PDT"]
[Termination "myburger won by resignation"]

1. e4 c5 2. Nf3 d6 3. d4 cxd4 4. Nxd4 Nf6 5. Nc3 e5 6. Nb3 Nc6 7. g3 Bg4 8. f3 Be6 9. Bg2 Qb6 10. Qe2 Bxb3 11. axb3 Nd4 12. Qd3 Ne6 13. Be3 Qc6 14.
O-O Be7 15. Bxa7 Rxa7 0-1

[Event "Late-Titled-Tuesday-Blitz-July-09-2024"]
[Site "Chess.com"]
[Date "2024.07.09"]
[Round "6"]
[White "Veleamater"]
[Black "rhungaski"]
[Result "0-1"]
[WhiteElo "2440"]
[BlackElo "2639"]
[TimeControl "180+1"]
[EndTime "15:01:14 PDT"]
[Termination "rhungaski won by resignation"]

1. g3 Nf6 2. Bg2 g6 3. d3 Bg7 4. e4 O-O 5. Nc3 d6 6. h3 e5 7. Nge2 Re8 8. O-O Nbd7 9. f4 c6 10. f5 d5 11. fxg6 hxg6 12. exd5 Nxd5 13. Nxd5 cxd5 14.
Bxd5 Nf6 15. Bg2 e4 16. dxe4 Qb6+ 17. Kh2 Nxe4 18. Qd5 Bf5 19. Qb3 Nc5 20. Qxb6 axb6 21. c3 Rxe2 0-1

[Event "Late-Titled-Tuesday-Blitz-July-09-2024"]
[Site "Chess.com"]
[Date "2024.07.09"]
[Round "6"]
[White "Msb2"]
[Black "champ2005"]
[Result "1/2-1/2"]
[WhiteElo "3086"]
[BlackElo "3046"]
[TimeControl "180+1"]
[EndTime "15:01:15 PDT"]
[Termination "Game drawn by agreement"]

1. d4 Nf6 2. c4 e6 3. Nc3 d5 4.
cxd5 exd5 5. Bg5 c6 6. e3 Be7 7.
Bd3 O-O 8. h3 Re8 9. Qc2 h6 10.
Bf4 a5 11. Nf3 Na6 12. a3 Nc7 13. O-O Bd6 14. Ne5 c5 15. Nb5 Nxb5 16. Bxb5 Re7 17.
a4 cxd4 18. exd4 Qb6 19. Be3 Be6 20. Rac1 Rc7 21. Qb1 Rac8 22. Rxc7 Qxc7 23. Rc1 Qd8 24. Rxc8 Qxc8 25. Qc1 Qxc1+ 26. Bxc1 Kf8 27. Nd3 Ke7 28. Kf1 Bd7 29. Bxd7 Nxd7 30. Bd2 b6 31. Ke2 Nb8 1/2-1/2

[Event "Late-Titled-Tuesday-Blitz-July-09-2024"]
[Site "Chess.com"]
[Date "2024.07.09"]
[Round "6"]
[White "invisible_s0ul"]
[Black "Oleg_Papayan"]
[Result "0-1"]
[WhiteElo "2402"]
[BlackElo "2605"]
[TimeControl "180+1"]
[EndTime "15:01:39 PDT"]
[Termination "Oleg_Papayan won by resignation"]

1. e4 d5 2. exd5 Qxd5 3. Nc3 Qd8 4. d4 c6 5. Be3 Bf5 6. Qd2 e6 7. O-O-O Nf6 8. f3 Bb4 9. g4 Bg6 10. Nge2 Nd5 11. a3 Ba5 12. Bf2 b5 13. Bg2 b4 14.
axb4 Bxb4 15. f4 Qa5 16. Kb1 Nd7 17. Bxd5 cxd5 18. f5 exf5 19. gxf5 Bxf5 20. Qd3 Bxd3 0-1

[Event "Late-Titled-Tuesday-Blitz-July-09-2024"]
[Site "Chess.com"]
[Date "2024.07.09"]
[Round "6"]
[White "zsoltkorpics"]
[Black "le-castor-faineant"]
[Result "1-0"]
[WhiteElo "2500"]
[BlackElo "2338"]
[TimeControl "180+1"]
[EndTime "15:01:40 PDT"]
[Termination "zsoltkorpics won by resignation"]

1. e4 e5 2. Nf3 Nf6 3. Nxe5 d6 4. Nf3 Nxe4 5. Nc3 Nf6 6. d4 d5 7. Bd3 c6 8. h3 Bd6 9. O-O O-O 10. Re1 h6 11. Ne2 Qc7 12. Be3 Nbd7 13. Nh4 Nb6 14. b3 Be6 15. Qc1 c5 16. Bxh6 gxh6 17. Qxh6 Be7 18.
Nf4 Rfd8 19. Rxe6 1-0

[Event "Late-Titled-Tuesday-Blitz-July-09-2024"]
[Site "Chess.com"]
[Date "2024.07.09"]
[Round "6"]
[White "FuenfgegenWilly"]
[Black "WildTricks"]
[Result "0-1"]
[WhiteElo "2543"]
[BlackElo "2704"]
[TimeControl "180+1"]
[EndTime "15:01:55 PDT"]
[Termination "WildTricks won by checkmate"]

1. e4 c5 2. Nc3 Nc6 3. f4 g6 4.
Nf3 Bg7 5. Bb5 Nd4 6. O-O e6 7. Nxd4 cxd4 8. Ne2 Ne7 9. Kh1 O-O 10. c3 a6 11. Bd3 Nc6 12. e5 d6 13. Nxd4 Nxd4 14. cxd4 dxe5 15. fxe5 Qxd4 16. Qe2 Bxe5 17.
Be4 Bd7 18. Bxb7 Bb5 19. Qf3 Rab8 20. Re1 Bxh2 21. Re4 Qg1# 0-1

[Event "Late-Titled-Tuesday-Blitz-July-09-2024"]
[Site "Chess.com"]
[Date "2024.07.09"]
[Round "6"]
[White "Ash15K"]
[Black "Itay121"]
[Result "0-1"]
[WhiteElo "2311"]
[BlackElo "2525"]
[TimeControl "180+1"]
[EndTime "15:01:56 PDT"]
[Termination "Itay121 won by checkmate"]

1. e4 e5 2. Nf3 d5 3. exd5 Nf6 4. Nxe5 Qxd5 5. d4 Nc6 6. Nxc6 Qxc6 7. Nc3 Bb4 8. Bd2 O-O 9. Qf3 Re8+ 10. Be2 Bxc3 11. Bxc3 Bg4 12. Qxc6 Rxe2+ 13. Kf1 bxc6 14. f3 Rae8 15.
fxg4 Rxc2 16. g5 Ng4 17. h3 Ne3+ 18. Ke1 Nxg2+ 19. Kd1 Ree2 20. Bd2 Rexd2# 0-1

[Event "Late-Titled-Tuesday-Blitz-July-09-2024"]
[Site "Chess.com"]
[Date "2024.07.09"]
[Round "6"]
[White "glebus008"]
[Black "hellokostya"]
[Result "1-0"]
[WhiteElo "2413"]
[BlackElo "2606"]
[TimeControl "180+1"]
[EndTime "15:02:00 PDT"]
[Termination "glebus008 won by resignation"]

1. d4 Nf6 2. c4 g6 3. Nf3 Bg7 4. e3 d6 5. Be2 O-O 6. O-O Nc6 7. Qc2 e5 8. dxe5 dxe5 9. Rd1 Qe7 10. b3 Bf5 11. Qd2 Rad8 12. Qe1 e4 13. Ba3 Rxd1 14.
Qxd1 exf3 15. Bxe7 fxe2 16. Qxe2 Nxe7 17. Nd2 Ne4 18.
Rc1 Rd8 19. Nxe4 Bxe4 20. Rd1 Rxd1+ 21. Qxd1 Nc6 22. Qd7 Ne5 23. Qe8+ Bf8 24. Qxe5 1-0